 Dungeon Crawl Stone Soup version 0.31-a0-879-g1609e0ac53 (webtiles) character file.

Game seed: 6012695716465856371

16592 gruber the Earth Mage (level 12, 0/72 HPs)
             Began as a Gargoyle Earth Elementalist on Oct 14, 2023.
             Was a Follower of Vehumet.
             Slain by Harold
             ... wielding a +6 halberd of flaming
              (18 damage)
             ... on level 1 of the Lair of Beasts.
             The game lasted 00:22:43 (15233 turns).

gruber the Earth Mage (GrEE)                       Turns: 15233, Time: 00:22:44

Health: 0/72       AC: 16    Str: 15    XL:     12   Next: 39%
Magic:  14/28      EV: 13    Int: 20    God:    Vehumet [*.....]
Gold:   618        SH:  5    Dex: 10    Spells: 13/21 levels left

rFire   . . .        C - +5 woodcutter's axe
rCold   + + .        (shield currently unavailable)
rNeg    + . .        a - +0 troll leather armour
rPois   ∞            (no helmet)
rElec   +            A - +0 cloak
rCorr   .            (no gloves)
SInv    .            K - +0 pair of boots
Will    +....        H - amulet of reflection
Stlth   ++           M - ring "Gaqicsu" {rC+ Will+}
HPRegen 1.12/turn    j - ring of Kypn {rC+ MP+9 Str+2 Slay+3}
MPRegen 0.21/turn

%: reflection
@: no status effects
A: sickness immunity, AC +8, negative energy resistance 1, electricity
resistance, torment resistance 1, petrification resistance
a: Renounce Religion


You were on level 1 of the Lair of Beasts.
You worshipped Vehumet.
Vehumet was aware of your devotion.
You visited 3 branches of the dungeon, and saw 14 of its levels.
You also visited: Sewer.

You collected 618 gold pieces.

Inventory:

Hand Weapons
 C - the +5 woodcutter's axe (weapon)
   (You found it on level 6 of the Dungeon)
Missiles
 q - 3 throwing nets
 y - 5 curare-tipped darts
Armour
 a - a +0 troll leather armour (worn)
 A - a +0 cloak (worn)
 I - the +7 chain mail "Hero's Friend" {Regen+ Str+3 Dex-3}
   (You found it on level 8 of the Dungeon)

   Str+3:     It affects your strength (+3).
   Dex-3:     It affects your dexterity (-3).
   Regen+:    It increases your rate of health regeneration.
 K - a +0 pair of boots (worn)
Jewellery
 j - the ring of Kypn (right hand) {rC+ MP+9 Str+2 Slay+3}
   (You found it on level 2 of the Dungeon)

   [ring of magical power]

   Str+2:     It affects your strength (+2).
   Slay+3:    It affects your accuracy & damage with ranged weapons and melee
   (+3).
   rC+:       It protects you from cold.
   MP+9:      It affects your magic capacity (+9).
 H - an amulet of reflection (around neck)
 M - the ring "Gaqicsu" (left hand) {rC+ Will+}
   (You found it on level 8 of the Dungeon)

   [ring of willpower]

   rC+:       It protects you from cold.
   Will+:     It increases your willpower.
Wands
 h - a wand of light (1)
 p - a wand of charming (12)
 D - a wand of digging (4)
 J - a wand of flame (3)
 N - a wand of mindburst (8)
Scrolls
 c - 3 scrolls of fear
 e - 5 scrolls of identify
 f - 5 scrolls of vulnerability {unknown}
 i - 5 scrolls of teleportation
 l - 5 scrolls of enchant weapon {unknown}
 n - 3 scrolls of blinking {unknown}
 r - a scroll of amnesia {unknown}
 s - 2 scrolls of immolation {unknown}
 x - a scroll of fog {unknown}
 B - a scroll of revelation {unknown}
 E - a scroll of silence {unknown}
 F - 2 scrolls of enchant armour {unknown}
 L - a scroll of noise {unknown}
Potions
 b - a potion of magic
 d - 4 potions of lignification
 g - 3 potions of attraction {unknown}
 k - 3 potions of heal wounds
 m - 2 potions of curing {unknown}
 o - 3 potions of invisibility {unknown}
 t - a potion of brilliance {unknown}
 u - 3 potions of mutation {unknown}
 v - 3 potions of might {unknown}
 w - 2 potions of resistance {unknown}
 z - 2 potions of haste {unknown}
 G - 2 potions of enlightenment {unknown}


   Skills:
 - Level 7.1 Fighting
 - Level 11.2 Armour
 - Level 5.6 Dodging
 - Level 2.1 Stealth
 - Level 5.2 Spellcasting
 - Level 0.7 Transmutations
 * Level 16.1 Earth Magic


You had 13 spell levels left.
You knew the following spells:

 Your Spells              Type           Power      Damage    Failure   Level
a - Sandblast             Erth           100%       2d20      1%          1
b - Stone Arrow           Conj/Erth      74%        3d11      1%          3
c - Brom's Barrelling Bo  Conj/Erth      37%        2d6       4%          4

Your spell library contained the following spells:

 Spells                   Type           Power      Damage    Failure   Level
 Magic Dart               Conj           20%        1d4       13%         1
 Passwall                 Tmut/Erth      32%        N/A       1%          2
 Petrify                  Tmut/Erth      39%        N/A       4%          4
 Momentum Strike          Conj/Tloc      10%        3d8       21%         2
 Dazzling Flash           Conj/Hex       10%        N/A       36%         3
 Flame Wave               Conj/Fire      5%         2d5       78%         4
 Chain Lightning          Conj/Air       2%         3d3       100%        9


Dungeon Overview and Level Annotations

Branches:
Dungeon (11/15)            Temple (1/1) D:7            Lair (2/5) D:10
  Sewer (visited)
  Swamp: Lair:2-3    Shoals: Lair:2-3     Snake: Lair:2-3    Spider: Lair:2-3
    Orc: D:9-12

Altars:
Ashenzari
Cheibriados
Dithmenos
Elyvilon
Fedhas
Gozag
Hepliaklqana
Kikubaaqudgha
Makhleb
Nemelex Xobeh
Okawaru
Qazlal
Ru
Sif Muna
Trog
Uskayaw
Vehumet
Wu Jian
Xom
Yredelemnul
Zin
The Shining One

Shops:
D:2 [!   D:6 [

Annotations:
D:11 3 runed translucent doors, EtherCrawl's ghost, journeyman TrSh
Lair:1 exclusion: oklob plant, Harold


Innate Abilities, Weirdness & Mutations

You are immune to sickness and miasma.
Your stone body is resilient. (AC +8)
You are immune to poison.
You resist negative energy. (rN+)
You are resistant to electric shocks. (rElec)
You are resistant to unholy torment.
You are immune to petrification.


Message History

The blink frog is moderately wounded.
The blink frog is blinded.
The bolt of light hits the blink frog!
The blink frog is almost dead.
The blink frog is blinded.
The yak closely misses you. You block Harold's attack.
Unknown command.
You feel much better. Harold misses you. The yak closely misses you.
Unknown command.
Unknown command.
Unknown command.
Casting: Stone Arrow (safe; 1% risk of failure)
Confirm with . or Enter, or press ? or * to list all spells.
Aiming: Sandblast (safe; 1% risk of failure)
Press: ? - help, Shift-Dir - straight line, f - Harold, p - yak
Aim: Harold, wielding a +6 halberd of flaming, wearing a +0 chain mail and carrying a wand of iceblast (severely wounded, blind, 93% to hit)
The blast of sand hits the yak!
You kill the yak!
Vehumet accepts your kill.
You feel your power returning.
Harold hits you from afar with a +6 halberd of flaming!!
* * * LOW HITPOINT WARNING * * *
Harold burns you.
* * * LOW HITPOINT WARNING * * *
The water moccasin closely misses you. Harold closely misses you.
Unknown command.
Unknown command.
Casting: Sandblast (safe; 1% risk of failure)
Confirm with . or Enter, or press ? or * to list all spells.
Aiming: Sandblast (safe; 1% risk of failure)
Press: ? - help, Shift-Dir - straight line, f/p - Harold
Aim: Harold, wielding a +6 halberd of flaming, wearing a +0 chain mail and carrying a wand of iceblast (severely wounded, blind, 93% to hit)
The blast of sand hits the water moccasin!
You kill the water moccasin!
Vehumet accepts your kill.
You feel your power returning.
The sentinel's mark upon you fades away.
You block the blink frog's attack.
Harold hits you from afar with a +6 halberd of flaming!!
You die...
Harold sighs, "Finally, I can get that cattle farm and settle down."

## ###@#### ## #@FFY..#
.#.#######Y# P.P.# .# [..○.
.# ..○. ..### ..###....####
#......^...
#############.##.# #.#
#.......#.#...##.###.######


You could see Harold (blind), 2 yaks and 2 blink frogs.

Vanquished Creatures
  Erolcha (D:9)
  3 two-headed ogres
  Nergalle (Lair:1)
  An ugly thing (D:10)
  3 black mambas (Lair:1)
  Maurice (D:7)
  2 cane toads (Lair:1)
  2 gargoyles
  Maggie (Lair:1)
  A komodo dragon (Lair:1)
  4 trolls
  A hornet (D:11)
  14 blink frogs
  A wyvern (D:9)
  A vampire (D:11)
  Grum (Lair:1)
  4 yaks
  3 wargs (D:10)
  4 water moccasins
  Duvessa (D:7)
  An ice beast (D:6)
  4 sky beasts
  A black bear (D:5)
  4 wolves (Lair:1)
  3 ogres
  5 centaurs
  4 phantoms
  8 bullfrogs
  6 kobold brigands
  4 gnoll sergeants
  Dowan (D:7)
  7 wights
  4 killer bees (D:9)
  A howler monkey (D:6)
  3 jellies
  A centaur zombie (D:4)
  4 hounds
  3 gnoll boudas
  5 orc priests
  A sleepcap (D:6)
  4 iguanas
  2 scorpion zombies (D:4)
  12 orc wizards
  A hound zombie (D:4)
  A hound skeleton (D:4)
  13 gnolls
  2 river rats (Sewer)
  9 adders
  A white imp (D:8)
  6 ufetubi (D:6)
  2 adder zombies (D:4)
  3 worms (D:2)
  A dart slug (D:2)
  21 orcs
  12 endoplasms
  7 giant cockroaches
  8 goblins
  9 hobgoblins
  4 jackals
  20 kobolds
  5 quokkas
  8 ball pythons
  6 bats
  3 frilled lizards
  9 rats
289 creatures vanquished.

Vanquished Creatures (collateral kills)
  An orc (D:10)
  24 boulders
25 creatures vanquished.

Vanquished Creatures (others)
  A bullfrog (Lair:1)
  19 boulders
20 creatures vanquished.

Grand Total: 334 creatures vanquished

Notes
Turn   | Place    | Note
-------+----------+-------------------------------------------
     0 | D:1      | gruber the Gargoyle Earth Elementalist began the quest for
                  | the Orb.
     0 | D:1      | Reached XP level 1. HP: 10/10 MP: 3/3
    34 | D:1      | Reached skill level 4 in Earth Magic
   124 | D:1      | Reached XP level 2. HP: 13/15 MP: 0/5
   770 | D:2      | Reached skill level 5 in Earth Magic
   770 | D:2      | Reached XP level 3. HP: 19/19 MP: 4/6
  1079 | D:2      | Identified the ring of Kypn {rC+ MP+9 Str+2 Slay+3}
  1087 | D:2      | Found Eni Qao's Armour Shoppe.
  1217 | D:2      | Reached XP level 4. HP: 24/24 MP: 5/7
  1219 | D:2      | Reached skill level 6 in Earth Magic
  1223 | D:2      | Learned a level 3 spell: Stone Arrow
  1651 | D:2      | Found Roixiete's Distillery.
  2201 | D:3      | Reached XP level 5. HP: 15/28 MP: 2/8
  2840 | D:3      | Reached skill level 7 in Earth Magic
  3336 | D:4      | Reached XP level 6. HP: 32/32 MP: 9/9
  3421 | D:4      | Reached skill level 8 in Earth Magic
  3471 | D:4      | Found a sparkling altar of Nemelex Xobeh.
  3612 | D:4      | Found a shimmering altar of Xom.
  3947 | D:4      | You fall into a shaft and drop 1 floor!
  3947 | D:5      | Entered Level 5 of the Dungeon
  4004 | D:5      | Reached skill level 9 in Earth Magic
  4007 | D:5      | Reached XP level 7. HP: 36/36 MP: 10/10
  4429 | D:5      | Found an iron altar of Okawaru.
  4817 | D:5      | Found a shadowy altar of Dithmenos.
  4973 | D:6      | Noticed an animated storm dragon scales
  4973 | D:6      | Noticed an animated storm dragon scales
  4973 | D:6      | Found Vycufune's Armour Emporium.
  4984 | D:6      | Reached skill level 10 in Earth Magic
  5134 | D:6      | Found a glowing drain.
  5208 | Sewer    | Entered a sewer
  5378 | Sewer    | Reached skill level 11 in Earth Magic
  5378 | Sewer    | Reached XP level 8. HP: 41/41 MP: 11/11
  6231 | D:6      | Reached skill level 5 in Spellcasting
  6538 | D:6      | Reached XP level 9. HP: 35/52 MP: 8/16
  6670 | D:6      | Reached skill level 5 in Fighting
  6832 | D:6      | Found the +5 woodcutter's axe
  6858 | D:6      | Identified the +8 hand axe "Haor" {freeze, Contam rElec rC-
                  | Dex+7}
  7375 | D:7      | Found a staircase to the Ecumenical Temple.
  7380 | Temple   | Entered the Ecumenical Temple
  7458 | D:7      | Noticed Dowan
  7459 | D:7      | Noticed Duvessa
  7463 | D:7      | Killed Duvessa
  7465 | D:7      | Killed Dowan
  8086 | D:8      | Noticed Maurice
  8098 | D:8      | Something stole an amulet of reflection
  8099 | D:8      | Something stole 3 curare-tipped darts
  8100 | D:8      | Something stole 289 gold
  8855 | D:8      | Learned a level 4 spell: Brom's Barrelling Boulder
  8914 | D:7      | Killed Maurice
  8915 | D:7      | Reached skill level 5 in Dodging
  8915 | D:7      | Reached XP level 10. HP: 51/63 MP: 9/17
  9068 | D:8      | Identified the +7 chain mail "Hero's Friend" {Regen+ Str+3
                  | Dex-3}
  9207 | D:8      | Reached skill level 1 in Armour
  9321 | D:9      | Found a stormy altar of Qazlal.
  9453 | D:9      | Noticed Erolcha
  9476 | D:9      | Killed Erolcha
  9595 | D:9      | Reached skill level 5 in Armour
  9879 | D:9      | Got a weird book
 10305 | D:9      | Found a hide-covered altar of Uskayaw.
 10497 | D:8      | Identified the ring "Gaqicsu" {rC+ Will+}
 10555 | D:8      | Found a radiant altar of Vehumet.
 10669 | D:8      | Found a hazy altar of Hepliaklqana.
 10739 | D:8      | Became a worshipper of Vehumet
 10768 | D:8      | Noticed a two-headed ogre
 10776 | D:8      | Killed a two-headed ogre
 11162 | D:10     | Entered Level 10 of the Dungeon
 11398 | D:10     | Noticed a gargoyle
 11427 | D:10     | Noticed a white ugly thing
 11429 | D:10     | Killed a gargoyle
 11430 | D:10     | Reached XP level 11. HP: 37/67 MP: 18/18
 11440 | D:10     | Killed a white ugly thing
 11441 | D:10     | Reached skill level 10 in Armour
 11832 | D:10     | Found a staircase to the Lair.
 12018 | D:10     | Noticed a two-headed ogre
 12034 | D:10     | Killed a two-headed ogre
 12602 | D:11     | Reached * piety under Vehumet
 12602 | D:11     | Offered knowledge of Magic Dart by Vehumet.
 12736 | D:11     | Noticed a skeletal warrior
 12747 | D:11     | Noticed a skeletal warrior
 12747 | D:11     | Noticed a skeletal warrior
 13070 | D:11     | Noticed a two-headed ogre
 13086 | D:11     | Killed a two-headed ogre
 13087 | D:11     | Reached skill level 12 in Earth Magic
 13242 | D:11     | Found a runed translucent gate.
 13242 | D:11     | Found a runed translucent gate.
 13243 | D:11     | Found a runed translucent gate.
 13244 | D:11     | Noticed EtherCrawl's ghost (journeyman TrSh)
 14101 | Lair:1   | Entered Level 1 of the Lair of Beasts
 14136 | Lair:1   | Noticed Grum
 14146 | Lair:1   | Killed Grum
 14283 | Lair:1   | Reached skill level 13 in Earth Magic
 14354 | Lair:1   | Noticed Nergalle
 14382 | Lair:1   | Noticed a spectral orc warlord
 14386 | Lair:1   | Killed Nergalle
 14550 | Lair:1   | Reached skill level 14 in Earth Magic
 14589 | Lair:1   | Noticed an oklob plant
 14645 | Lair:1   | Reached XP level 12. HP: 60/72 MP: 1/19
 14786 | Lair:1   | Noticed Maggie
 14799 | Lair:1   | Killed Maggie
 14944 | Lair:1   | Reached skill level 15 in Earth Magic
 15173 | Lair:1   | Noticed Harold
 15224 | Lair:1   | Reached skill level 16 in Earth Magic
 15229 | Lair:1   | HP: 1/72 [Harold/+6 halberd of flaming (5)]
 15233 | Lair:1   | Slain by Harold

Illustrated notes

Levels and vault maps discovered:
D:1:      minmay_arrival_open_corners, layout_rooms, hex_intersection,
          chequers_mini_garden
D:2:      minmay_inner_zag, layout_basic, serial_shops,
          nicolae_shop_statue_plus, nicolae_shop_tiny_statue_garden,
          minmay_divided_ellipse
D:3:      layout_basic, kennysheep_generic_room_10
D:4:      layout_loops_ring, mainiacjoe_overflow_cross_hatched,
          mainiacjoe_overflow_alcove_1, serial_undead, serial_undead_e,
          serial_undead_f, serial_undead_e, serial_undead_b,
          dreamdust_princess_bridge, minivault_11
D:5:      layout_loops_ring, lemuel_coloured_pillars_altar,
          kennysheep_little_box
D:6:      layout_loops_cross, gup_sewer_entry_glass, serial_shops,
          nicolae_shop_mannequins, pf_guarded_unrand_woodcutter
D:7:      mumra_celtic_spiral_tile, layout_basic, minmay_temple_entry_ruins,
          chequers_arboretum, uniq_duvessa
D:8:      layout_basic, amcnicky_altar_gilded, overflow_temple_1_default,
          kennysheep_generic_room_16, uniq_maurice
D:9:      layout_basic, grunt_qazlal_sundering, mainiacjoe_overflow_alcove_4,
          minmay_misc_feat_chi, uniq_erolcha
D:10:     layout_roguey, erik_lair_orcish_takeover
D:11:     layout_loops_corners, gammafunk_ghost_ooze, serial_park_tiny_pond
Temple:   minmay_temple_curvy_branch
Lair:1:   minmay_lair_oklob_tunnel, layout_loops_ring, uniq_grum, uniq_maggie,
          uniq_nergalle, uniq_harold
Lair:2:   layout_chaotic_city, nicolae_swamp_entry_splash_gauntlet,
          chequers_serial_rivers_room_b, beast_lair_carwin_10, lemuel_fruit_tree

Skill      XL: |  1  2  3  4  5  6  7  8  9 10 11 12 |
---------------+-------------------------------------+-----
Earth Magic    | 4 5 6 7 9 11 14 16 | 16.1
Spellcasting   | 5 |  5.2
Fighting       | 4 7 |  7.1
Dodging        | 5 |  5.6
Armour         | 9 11 | 11.2
Stealth        | |  2.1
Transmutations | |  0.7

Action                     |  1- 3 |  4- 6 |  7- 9 | 10-12 || total
---------------------------+-------+-------+-------+-------++-------
  Melee: Unarmed           |     5 |       |       |       ||     5
         Dagger            |       |       |    29 |       ||    29
         Battleaxe         |       |       |    42 |    28 ||    70
   Cast: Sandblast         |    48 |   107 |   144 |   193 ||   492
         Stone Arrow       |       |       |    30 |    66 ||    96
         Brom's Barrelling |       |       |     5 |    43 ||    48
  Evoke: Wand              |       |       |       |     4 ||     4
    Use: Potion            |       |       |     1 |     2 ||     3
         Scroll            |       |       |       |     4 ||     4
 Armour: Robe              |     8 |    37 |   120 |    35 ||   200
         Troll leather arm |       |       |       |   130 ||   130
         Ring mail         |       |       |       |     7 ||     7
  Dodge: Dodged            |     7 |    38 |    68 |   129 ||   242
  Block: Other             |       |       |       |    48 ||    48
         Reflection        |       |       |       |     6 ||     6

Table legend: (Time is in decaauts)
 A = Elapsed time spent in this place.
 B = Non-inter-level travel time spent in this place.
 C = Inter-level travel time spent in this place.
 D = Time resting spent in this place.
 E = Time spent auto-exploring this place.
 F = Levels seen in this place.
 G = Mean time per level.
                   A        B        C        D        E       F      G
               +--------+--------+--------+--------+--------+-----+--------+
         Total |  15677 |  14741 |    936 |   1394 |  10925 |  15 | 1045.1 |
       Dungeon |  13463 |  12528 |    935 |   1244 |   9426 |  11 | 1223.9 |
        Temple |      1 |      1 |      0 |      0 |      0 |   1 |    1.0 |
          Lair |   1176 |   1176 |      0 |    149 |    691 |   2 |  588.0 |
         Sewer |   1036 |   1036 |      0 |      0 |    808 |   1 | 1036.0 |
               +--------+--------+--------+--------+--------+-----+--------+

Top non-repeatable levels by time:
     D:7: 1571 daAuts
    D:11: 1477 daAuts
     D:2: 1455 daAuts
     D:8: 1420 daAuts
    D:10: 1345 daAuts
     D:6: 1313 daAuts
     D:3: 1285 daAuts
     D:9: 1281 daAuts
     D:4: 1059 daAuts
   Sewer: 1036 daAuts
  Lair:1: 1022 daAuts
     D:5: 684 daAuts
     D:1: 569 daAuts
  Lair:2: 153 daAuts
  Temple: 1 daAuts
